 Dungeon Crawl Stone Soup version 0.30-a0-1094-g860fb061e7 (webtiles) character file.

Game seed: 283272889496490265

1752 hikkokomori the Trooper (level 9, 0/59 HPs)
             Began as a Gargoyle Fighter on Apr 17, 2023.
             Was an Initiate of the Shining One.
             Slain by a steam dragon (2 damage)
             ... in the Ecumenical Temple.
             The game lasted 00:11:28 (6223 turns).

hikkokomori the Trooper (Gargoyle Fighter)          Turns: 6223, Time: 00:11:28

Health: 0/59       AC: 19    Str: 18    XL:     9   Next: 6%
Magic:  9/9        EV:  5    Int: 13    God:    the Shining One [......]
Gold:   221        SH:  6    Dex: 13    Spells: 8/8 levels left

rFire   . . .      SeeInvis +    w - +6 hand axe of the Whelk {freeze, Str-4 Int+2 Dex+4 SInv}
rCold   . . .      Faith    .    c - +0 buckler
rNeg    + . .      Spirit   .    A - +0 plate armour
rPois   ∞          Reflect  .    (no helmet)
rElec   +          Rampage  .    (no cloak)
rCorr   .                        (no gloves)
Will    .....                    n - +0 pair of boots Stlth
                                 (no amulet)
HPRegen 0.29/turn                (no ring)
MPRegen 0.11/turn                (no ring)

@: glowing
A: sickness immunity, AC +6, negative energy resistance 1, electricity
resistance, torment resistance 1, petrification resistance
a: Renounce Religion


You were in the Ecumenical Temple.
You worshipped the Shining One.
The Shining One was noncommittal.
You visited 2 branches of the dungeon, and saw 8 of its levels.
You also visited: Sewer.

You collected 405 gold pieces.
You spent 184 gold pieces at shops.

Inventory:

Hand Weapons
 a - a +1 war axe
 w - the +6 hand axe of the Whelk (weapon) {freeze, Str-4 Int+2 Dex+4 SInv}
   (You bought it in a shop on level 5 of the Dungeon)

   Str:       It affects your strength (-4).
   Int:       It affects your intelligence (+2).
   Dex:       It affects your dexterity (+4).
   SInv:      It lets you see invisible.
Missiles
 r - 4 throwing nets (quivered)
Armour
 b - a +0 scale mail
 c - a +0 buckler (worn)
 n - a +0 pair of boots (worn)
 A - a +0 plate armour (worn)
Jewellery
 j - a +6 ring of strength
 q - a ring of ice
 y - a +6 ring of intelligence
Wands
 x - a wand of digging (8)
 H - a wand of iceblast (6)
Scrolls
 f - 8 scrolls of identify
 g - 2 scrolls of enchant weapon
 k - 2 scrolls of amnesia
 l - a scroll of fear {unknown}
 m - a scroll of silence
 o - a scroll of blinking {unknown}
 t - a scroll of poison {unknown}
 v - 2 scrolls of teleportation
 z - a scroll of brand weapon {unknown}
 B - 2 scrolls of enchant armour {unknown}
 C - 3 scrolls of magic mapping
 F - a scroll of summoning {unknown}
 G - a scroll of vulnerability {unknown}
 I - a scroll of fog {unknown}
Potions
 d - a potion of might
 e - 3 potions of curing
 h - 4 potions of degeneration
 i - a potion of brilliance {unknown}
 p - a potion of lignification
 s - 2 potions of attraction
 u - a potion of haste
 D - 3 potions of heal wounds {unknown}
 E - a potion of invisibility {unknown}


   Skills:
 + Level 7.8 Fighting
 + Level 6.1 Axes
 + Level 3.6 Armour
 - Level 7.6 Shields
 + Level 1.2 Invocations


You had 8 spell levels left.
You didn't know any spells.
Your spell library contained the following spells:

 Spells                   Type           Power      Damage    Failure   Level
 Ozocubu's Armour         Ice            0%         N/A       100%        3
 Portal Projectile        Hex/Tloc       0%         N/A       100%        3
 Tukima's Dance           Hex            0%         N/A       100%        3
 Vhi's Electric Charge    Tloc/Air       0%         N/A       100%        3
 Arcjolt                  Conj/Air       0%         1d10      100%        5
 Blade Hands              Tmut           0%         N/A       100%        5
 Metabolic Englaciation   Hex/Ice        0%         N/A       100%        5
 Plasma Beam              Fire/Air       0%         2x1d11    100%        6
 Simulacrum               Ice/Necr       0%         N/A       100%        6


Dungeon Overview and Level Annotations

Branches:
Dungeon (7/15)             Temple (1/1) D:7           Sewer (visited)

Altars:
Ashenzari
Dithmenos
Fedhas
Gozag
Kikubaaqudgha
Makhleb
Nemelex Xobeh
Sif Muna
Trog
Uskayaw
Wu Jian
Xom
Zin
The Shining One

Shops:
D:2 (   D:5 (

Annotations:
D:3 3 runed translucent doors, sargonster's ghost, weakling HOBe
D:5 2 transporters, Pimp's ghost, novice DrFi
D:6 1 runed translucent door, lunkers's ghost, novice MeFi


Innate Abilities, Weirdness & Mutations

You are immune to sickness and miasma.
Your stone body is resilient. (AC +6)
You are immune to poison.
You resist negative energy. (rN+)
You are resistant to electric shocks. (rElec)
You are resistant to unholy torment.
You are immune to petrification.


Message History

The steam dragon is moderately wounded.
You closely miss the wight.
The wight hits you with a +5 short sword.
The steam dragon bites you but does no damage.
The steam dragon claws you but does no damage.
You hit the steam dragon but do no damage.
The steam dragon is moderately wounded.
You slash the wight!
You destroy the wight!
The Shining One accepts your kill.
The steam dragon bites you but does no damage.
The steam dragon claws you.
Your Invocations skill increases to level 1!
You hit the steam dragon. You freeze the steam dragon.
The steam dragon is heavily wounded.
The steam dragon bites you but does no damage.
The steam dragon claws you.
* * * LOW HITPOINT WARNING * * *
Unknown command.
You hit the steam dragon. You freeze the steam dragon.
The steam dragon is severely wounded.
The steam dragon bites you!
* * * LOW HITPOINT WARNING * * *
The steam dragon claws you.
* * * LOW HITPOINT WARNING * * *
You hit the steam dragon. You freeze the steam dragon.
The steam dragon is severely wounded.
The steam dragon bites you but does no damage.
The steam dragon barely misses you.
Unknown command.
You closely miss the steam dragon.
The steam dragon is severely wounded.
The steam dragon bites you.
* * * LOW HITPOINT WARNING * * *
The steam dragon claws you but does no damage.
Unknown command.
You barely miss the steam dragon.
The steam dragon is severely wounded.
The steam dragon bites you.
You die...

##...## ##...## ##...##
##.## ##### ##.## #.#
#.# #.# ##### #.# ##.##
##...## #.# ##...##
##.....###.#
#.....######.......##.#
#.._...........<[.....#
#.....######..@D...####
##...## ##..)..## #####
##...## #####


You could see a steam dragon.

Vanquished Creatures
  An ice beast (D:7)
  A black bear (D:6)
  An orc warrior (D:6)
  An ogre (D:4)
  2 centaurs
  A kobold brigand (D:6)
  2 bullfrogs (Sewer)
  4 scorpions
  3 wights (Temple)
  An orc priest (D:4)
  2 hounds
  A gnoll bouda (D:4)
  4 iguanas
  3 orc wizards
  A sleepcap (D:6)
  4 gnolls (D:4)
  8 adders
  2 river rats (Sewer)
  A shadow imp (D:5)
  6 dart slugs
  22 orcs
  11 endoplasms
  5 giant cockroaches
  8 goblins
  9 hobgoblins
  8 jackals (D:2)
  7 quokkas
  21 ball pythons
  5 bats
  5 frilled lizards
  11 kobolds
  27 rats
188 creatures vanquished.

Notes
Turn   | Place    | Note
-------+----------+-------------------------------------------
     0 | D:1      | hikkokomori the Gargoyle Fighter began the quest for the
                  | Orb.
     0 | D:1      | Reached XP level 1. HP: 14/14 MP: 1/1
   145 | D:1      | Reached XP level 2. HP: 19/19 MP: 2/2
   691 | D:1      | Found a hide-covered altar of Uskayaw.
   746 | D:2      | Found Isisez's Weapon Boutique.
   749 | D:2      | Reached XP level 3. HP: 21/24 MP: 3/3
  1276 | D:2      | Reached XP level 4. HP: 24/29 MP: 4/4
  1544 | D:3      | Found a runed translucent gate.
  1544 | D:3      | Found a runed translucent gate.
  1545 | D:3      | Found a runed translucent gate.
  1547 | D:3      | Noticed sargonster's ghost (weakling HOBe)
  1625 | D:3      | Found a large runed translucent door.
  1625 | D:3      | Found a large runed translucent door.
  1893 | D:3      | Found a blossoming altar of Fedhas.
  1902 | D:3      | Found a burning altar of Makhleb.
  2022 | D:4      | Reached XP level 5. HP: 33/34 MP: 5/5
  2220 | D:4      | Reached XP level 6. HP: 36/40 MP: 6/6
  2233 | D:4      | Reached skill level 5 in Shields
  2242 | D:4      | Reached skill level 5 in Fighting
  3286 | D:5      | Entered Level 5 of the Dungeon
  3330 | D:5      | Reached XP level 7. HP: 38/44 MP: 7/7
  3557 | D:5      | HP: 1/44 [iguana (3)]
  3563 | D:4      | HP: 3/66 [iguana (1)]
  3571 | D:4      | HP: 1/67 [ogre/+0 giant club (13)]
  3803 | D:5      | Noticed Pimp's ghost (novice DrFi)
  3836 | D:5      | Found a transporter.
  3855 | D:5      | Found a transporter.
  4065 | D:5      | Found Jocidat's Antique Weapon Emporium.
  4070 | D:5      | Bought an ichor-stained hand axe for 184 gold pieces
  4070 | D:5      | Identified the +6 hand axe of the Whelk {freeze, Str-4
                  | Int+2 Dex+4 SInv} (You bought it in a shop on level 5 of
                  | the Dungeon)
  4319 | D:6      | Found a glowing drain.
  4414 | D:6      | Reached XP level 8. HP: 37/52 MP: 8/8
  4646 | D:6      | Reached skill level 5 in Axes
  4753 | Sewer    | Entered a sewer
  5196 | D:6      | Found a runed translucent door.
  5249 | D:6      | Noticed lunkers's ghost (novice MeFi)
  5593 | D:7      | Found a shadowy altar of Dithmenos.
  5631 | D:7      | Found a glowing silver altar of Zin.
  5800 | D:7      | Found a staircase to the Ecumenical Temple.
  5816 | Temple   | Entered the Ecumenical Temple
  6042 | Temple   | Became a worshipper of the Shining One
  6101 | Temple   | Reached XP level 9. HP: 28/59 MP: 9/9
  6219 | Temple   | Reached skill level 1 in Invocations
  6222 | Temple   | HP: 1/59 [steam dragon (5)]
  6223 | Temple   | Slain by a steam dragon

Illustrated notes

Levels and vault maps discovered:
D:1:      dpeg_arrival_lava_altar, layout_loops_ring, nicolae_titane
D:2:      layout_rooms, serial_shops, shop, minmay_close_crescents
D:3:      layout_rooms, jmf_multi_god_temple2, gammafunk_ghost_necromancy,
          serial_bayou_pond_e, nrook_uturn
D:4:      layout_loops_corners, nicolae_ossuary_entry_false_entrances,
          corexii_checkpoint_a, kennysheep_generic_room_16
D:5:      layout_rooms, gammafunk_ghost_stat_death, serial_shops, shop,
          grunt_tough_drop
D:6:      black_bear_nest_1, layout_gridville, ebering_ghost_reflecting_pool,
          portal_sewer_entry_b
D:7:      layout_gridville, zin_scriptorium, grunt_dithmenos_smoke_and_mirrors,
          minmay_temple_entry_junction_2, serial_shops, shop
Temple:   hellmonk_temple_beads

Skill      XL: |  1  2  3  4  5  6  7  8  9 |
---------------+----------------------------+-----
Axes           | 2 3 4 6 |  6.1
Shields        | 4 5 6 7 |  7.6
Fighting       | 4 5 6 7 |  7.8
Invocations    | 1 |  1.2
Armour         | |  3.6

Action                     |  1- 3 |  4- 6 |  7- 9 || total
---------------------------+-------+-------+-------++-------
  Melee: War axe           |   118 |   189 |    61 ||   368
         Hand axe          |       |       |   153 ||   153
    Use: Scroll            |       |     3 |     5 ||     8
         Potion            |       |     2 |     4 ||     6
 Armour: Scale mail        |    75 |   107 |    56 ||   238
         Skin              |       |       |     2 ||     2
         Plate armour      |       |       |   116 ||   116
  Dodge: Dodged            |    67 |    86 |    83 ||   236
  Block: Buckler           |    35 |    40 |    60 ||   135

Table legend: (Time is in decaauts)
 A = Elapsed time spent in this place.
 B = Non-inter-level travel time spent in this place.
 C = Inter-level travel time spent in this place.
 D = Time resting spent in this place.
 E = Time spent auto-exploring this place.
 F = Levels seen in this place.
 G = Mean time per level.
                   A        B        C        D        E       F      G
               +--------+--------+--------+--------+--------+-----+--------+
         Total |   6404 |   6174 |    230 |    470 |   4099 |   9 |  711.6 |
       Dungeon |   5700 |   5470 |    230 |    363 |   3819 |   7 |  814.3 |
        Temple |    376 |    376 |      0 |    107 |     88 |   1 |  376.0 |
         Sewer |    327 |    327 |      0 |      0 |    191 |   1 |  327.0 |
               +--------+--------+--------+--------+--------+-----+--------+

Top non-repeatable levels by time:
     D:4: 1706 daAuts
     D:6: 1129 daAuts
     D:1: 748 daAuts
     D:2: 688 daAuts
     D:3: 596 daAuts
     D:5: 574 daAuts
  Temple: 376 daAuts
   Sewer: 327 daAuts
     D:7: 256 daAuts
